 Dungeon Crawl Stone Soup version 0.30.1-9-gdf580d7c3d (webtiles) character file.

Game seed: 13427414143823941297

100 jagang the Covered (level 5, -1/41 HPs)
             Began as a Human Fighter on Sept 28, 2023.
             Slain by an orc wizard
             ... wielding a +0 dagger
              (4 damage)
             ... on level 3 of the Dungeon.
             The game lasted 00:08:06 (1493 turns).

jagang the Covered (Human Fighter)                  Turns: 1493, Time: 00:08:06

Health: -1/41      AC:  9    Str: 17    XL:     5   Next: 3%
Magic:  5/5        EV:  7    Int: 11    God:
Gold:   74         SH:  6    Dex: 23    Spells: 4/4 levels left

rFire   + . .        n - +3 dagger "Tesoywutz" {freeze, rElec rCorr Dex+6}
rCold   + . .        c - +0 buckler
rNeg    . . .        q - +0 chain mail
rPois   +            (no helmet)
rElec   +            (no cloak)
rCorr   +            (no gloves)
SInv    .            (no boots)
Will    .....        r - amulet of magic regeneration Stlth
                     j - +6 ring of intelligence
HPRegen 0.26/turn    (no ring)
MPRegen 0.49/turn

%: no passive effects
@: resistant, hasted, very quick
A: agile 1, dopey 1
a: no special abilities


You were on level 3 of the Dungeon.
You visited 1 branch of the dungeon, and saw 3 of its levels.

You collected 113 gold pieces.
You spent 39 gold pieces at shops.

Inventory:

Hand Weapons
 a - a +1 long sword
 n - the +3 dagger "Tesoywutz" (weapon) {freeze, rElec rCorr Dex+6}
   (You found it on level 2 of the Dungeon)

   Dex:       It affects your dexterity (+6).
   rElec:     It insulates you from electricity.
   rCorr:     It protects you from acid and corrosion.
Missiles
 p - 5 poisoned darts (quivered)
Armour
 c - a +0 buckler (worn)
 q - a +0 chain mail (worn)
Jewellery
 b - a ring of magical power
 j - a +6 ring of intelligence (left hand)
 r - an amulet of magic regeneration (around neck)
 t - an amulet of regeneration
Scrolls
 h - a scroll of enchant weapon
Potions
 d - 2 potions of might
 m - a potion of lignification


   Skills:
 + Level 3.4 Fighting
 * Level 3.1 Long Blades
 + Level 1.3 Throwing
 + Level 3.5 Armour
 + Level 3.4 Shields


You had 4 spell levels left.
You didn't know any spells.
Your spell library was empty.

Dungeon Overview and Level Annotations

Branches:
Dungeon (3/15)

Altars:

Shops:
D:1 *


Innate Abilities, Weirdness & Mutations

You are agile. (Dex +4, Str/Int -1)
You are dopey. (Int -2)


Message History

The orc wizard flickers and vanishes!
The orc hits you but does no damage.
The orc wizard shouts!
You hit the orc. You freeze the orc.
You kill the orc!
Something hits you but does no damage.
An orc comes into view. It is wielding a +0 short sword.
The orc priest mumbles some strange prayers to Beogh against you.
Beogh smites you! The orc barely misses you.
The orc shouts!
You have reached level 5!
You hit something. You freeze something.
You kill the orc!
You hit something. You freeze something. Something hits you.
The orc wizard casts a spell.
The orc wizard flickers and vanishes!
You barely miss something. Something hits you but does no damage.
You hear some strange, mumbled words.
A magic dart appears from out of thin air!
The magic dart hits you. You block something's attack.
You block the orc's attack.
The orc priest invokes the aid of Beogh against you.
Pain shoots through your body!
You hit the orc priest but do no damage.
The orc priest hits you but does no damage.
The orc hits you with a +0 club.
* * * LOW HITPOINT WARNING * * *
You hear some strange, mumbled words.
A puff of flame appears from out of thin air!
The puff of flame hits you!
* * * LOW HITPOINT WARNING * * *
Something hits you but does no damage. You block the orc's attack.
It was a potion of haste.
You feel yourself speed up. The orc priest barely misses you.
The orc hits you but does no damage.
Something hits you but does no damage. x2; The orc hits you but does no damage.
It was a potion of resistance.
You feel protected.
It was a potion of mutation.
You feel extremely strange.
You feel stupid.
You feel agile. Something hits you.
You die...

,*,,,*,,............#
,*,,,*,,............#
,,,,,*,,............########
,,,,,,,,##.#.##............#
,,,,,**,*#.#.*#.........$..#
,*,,,**,*#,#.*#.....$......#
,*,,,**,*..#.##............#
,,,,,,,,,..(..oo{).........#
,,,,,,,,,....(.o@..........#
,,,,,,,,,..(.oo{..).....?..#
,,,,,,,,,..................#
*,,*,,***###...............#
**,,,,,,,,..........#.####.#
*,,,>,,,,..########.#...,*,*
,,,,,,,,,.,* *****......*,*
,,,,,,,,,,,****,,,,..####*,******
,,****,,,,,,,,,,,,,,,,,,,,,,,,,,,


You could see an orc priest and 4 orcs.

Vanquished Creatures
  A gnoll (D:1)
  2 adders (D:2)
  2 worms (D:2)
  A dart slug (D:1)
  7 orcs (D:3)
  5 bats
  3 endoplasms
  2 giant cockroaches (D:2)
  4 hobgoblins
  8 jackals (D:2)
  A quokka (D:1)
  4 ball pythons
  3 frilled lizards
  6 goblins
  A kobold (D:2)
  4 rats
54 creatures vanquished.

Notes
Turn   | Place    | Note
-------+----------+-------------------------------------------
     0 | D:1      | jagang the Human Fighter began the quest for the Orb.
     0 | D:1      | Reached XP level 1. HP: 18/18 MP: 1/1
    21 | D:1      | Reached XP level 2. HP: 4/24 MP: 2/2
   299 | D:1      | Reached XP level 3. HP: 28/29 MP: 3/3
   617 | D:1      | Found Uhiatz's Assorted Antiques.
   630 | D:1      | Bought a murky red potion for 18 gold pieces
   630 | D:1      | Bought a scroll labelled DEUSUTZ GIRY for 21 gold pieces
   737 | D:2      | Identified the +3 dagger "Tesoywutz" {freeze, rElec rCorr
                  | Dex+6}
   762 | D:2      | Reached skill level 1 in Throwing
   762 | D:2      | Reached XP level 4. HP: 26/35 MP: 4/4
  1487 | D:3      | Reached XP level 5. HP: 18/41 MP: 5/5
  1490 | D:3      | HP: 2/41 [something/puff of flame (8)]
  1493 | D:3      | Gained mutation: You are dopey. (Int -2) [potion of
                  | mutation]
  1493 | D:3      | Gained mutation: You are agile. (Dex +4, Str/Int -1)
                  | [potion of mutation]
  1493 | D:3      | Slain by an orc wizard

Illustrated notes

Levels and vault maps discovered:
D:1:      minmay_arrival_four_circles, layout_basic, serial_shops,
          nicolae_shop_overgrown_old_shop
D:2:      layout_basic, corexii_corridor_pit, minmay_split_cup_large
D:3:      layout_basic

Skill      XL: |  1  2  3  4 |
---------------+-------------+-----
Throwing       | 1 |  1.3
Long Blades    | 3 |  3.1
Fighting       | |  3.4
Armour         | |  3.5
Shields        | |  3.4

Action                     |  1- 3 |  4- 6 || total
---------------------------+-------+-------++-------
  Melee: Long sword        |    91 |       ||    91
         Dagger            |       |    79 ||    79
  Throw: Dart              |       |     7 ||     7
    Use: Scroll            |     1 |     6 ||     7
         Potion            |       |     3 ||     3
 Armour: Scale mail        |    52 |    11 ||    63
         Chain mail        |       |    24 ||    24
  Dodge: Dodged            |    45 |    30 ||    75
  Block: Buckler           |    31 |    19 ||    50
